[Event "Titled Tuesday Blitz November 15 Early 2022"]
[White "Nielsen, Viktor Haarmark"]
[Black "Hambleton, Aman"]
[WhiteFideId "1444492"]
[BlackFideId "2606577"]
[WhiteElo "2345"]
[BlackElo "2538"]
[Result "0-1"]
[Round "09"]
[TimeControl "180+1"]
[Date "2022.11.16"]
[WhiteClock "0:00:10"]
[BlackClock "0:00:07"]

1. e4 c5 2. Nf3 e6 3. d4 cxd4 4. Nxd4 Nc6 5. Nc3 Qc7 6. Be3 a6 7. g4 Nxd4 8. Qxd4 Ne7 9. O-O-O Nc6 10. Qb6 Bd6 11. h4 Bf4 12. Qxc7 Bxc7 13. f4 b5 14. e5 Bb7 15. Bg2 O-O-O 16. Bc5 f6 17. Ne4 fxe5 18. Nd6+ Bxd6 19. Bxd6 exf4 20. Bxf4 Na5 21. Bxb7+ Nxb7 22. Rh2 Rdf8 23. Be5 Rf7 24. g5 Rhf8 25. h5 g6 26. hxg6 hxg6 27. Bf6 d6 28. Rh6 Rg8 29. Rdh1 Kd7 30. Rh8 Rxh8 31. Rxh8 Nc5 32. Rg8 Ne4 33. Rxg6 Nxf6 34. gxf6 e5 35. Kd2 a5 36. a3 a4 37. Rg7 Ke6 38. Rg8 Rxf6 39. Rb8 Rf2+ 40. Kd3 Rf3+ 41. Kd2 Rf2+ 42. Kd3 Rf4 43. Rxb5 d5 44. Rb4 Rxb4 45. axb4 Kd6 46. c4 dxc4+ 47. Kxc4 Kc6 48. Kd3 Kb5 49. Ke4 Kxb4 50. Kxe5 Kb3 51. Kd4 Kxb2 52. Kc4 a3 0-1


[Site "https://www.chess.com"]

[Event "Titled Tuesday Blitz November 15 Early 2022"]
[White "Nugumanov, Bakhtiyar"]
[Black "Muminova, Nafisa"]
[WhiteFideId "13701797"]
[BlackFideId "14201526"]
[WhiteElo "2287"]
[BlackElo "2258"]
[Result "0-1"]
[Round "09"]
[TimeControl "180+1"]
[Date "2022.11.16"]
[WhiteClock "0:00:12"]
[BlackClock "0:00:04"]

1. Nf3 d5 2. g3 Bg4 3. Bg2 c6 4. c4 dxc4 5. Ne5 Be6 6. Qc2 Bd5 7. e4 Be6 8. Nxc4 Nd7 9. O-O Ngf6 10. d4 g6 11. Ne3 Nb6 12. Rd1 Bg7 13. b4 O-O 14. Bb2 Rc8 15. a4 Ng4 16. Na3 Nxe3 17. fxe3 Bg4 18. Rd2 Qd7 19. a5 Na8 20. Nc4 Rfd8 21. Qb3 Nc7 22. Rf2 Nb5 23. Raf1 Be6 24. Qd3 f6 25. Nd2 Nd6 26. h4 b6 27. h5 bxa5 28. hxg6 hxg6 29. e5 Bf5 30. e4 Be6 31. exd6 exd6 32. bxa5 Rb8 33. Bc3 Qc7 34. d5 cxd5 35. Bxf6 dxe4 36. Nxe4 Bc4 37. Qd4 Bxf1 38. Bxg7 Qxg7 39. Nf6+ Kf7 40. Nh5+ Ke6 41. Nxg7+ Kd7 42. Rxf1 Rb5 43. Bh3+ Kc7 44. Qc4+ Rc5 45. Qf7+ Kc6 46. Qf3+ Kb5 47. Ne6 Rc4 0-1


[Site "https://www.chess.com"]

[Event "Titled Tuesday Blitz November 15 Early 2022"]
[White "Odegov, Artem"]
[Black "Forgacs, Attila Jr."]
[WhiteFideId "34183644"]
[BlackFideId "773654"]
[WhiteElo "2298"]
[BlackElo "2168"]
[Result "0-1"]
[Round "09"]
[TimeControl "180+1"]
[Date "2022.11.16"]
[WhiteClock "0:00:05"]
[BlackClock "0:00:24"]

1. d4 Nf6 2. c4 g6 3. Nc3 Bg7 4. e4 d6 5. h3 O-O 6. Be3 e5 7. d5 a5 8. g4 Na6 9. Bd3 Nc5 10. Bc2 Ne8 11. Nge2 f5 12. gxf5 gxf5 13. exf5 Bxf5 14. Bxf5 Rxf5 15. Ng3 Rf4 16. Qe2 Rf7 17. O-O-O Qh4 18. Qg4 Qxg4 19. hxg4 Nf6 20. Bxc5 dxc5 21. f3 Ne8 22. Nf5 Nd6 23. Nxd6 cxd6 24. Rhf1 Raf8 25. Ne4 Rxf3 26. Rxf3 Rxf3 27. Nxd6 b6 28. Nf5 Bf6 29. d6 Rf4 30. d7 Rxc4+ 31. Kb1 Bd8 32. Nd6 Rxg4 33. Nb7 Bf6 34. d8=Q+ Bxd8 35. Nxd8 Kg7 36. Ne6+ Kf6 37. Nc7 Rd4 38. Rh1 Rd7 39. Nb5 e4 40. Nc3 Kf5 41. Rh4 e3 42. Re4 Rd3 43. Kc2 Rxc3+ 44. bxc3 Kxe4 0-1


[Site "https://www.chess.com"]

[Event "Titled Tuesday Blitz November 15 Early 2022"]
[White "Omariev, Maksim"]
[Black "Rodriguez Fontecha, Marcos"]
[WhiteFideId "4193423"]
[BlackFideId "2256576"]
[WhiteElo "2513"]
[BlackElo "2263"]
[Result "0-1"]
[Round "09"]
[TimeControl "180+1"]
[Date "2022.11.16"]
[WhiteClock "0:00:44"]
[BlackClock "0:02:35"]

1. b3 a5 2. Bb2 a4 3. h3 e6 4. Qc1 Nc6 5. g4 d5 6. Bg2 h6 7. Nf3 Nf6 8. c4 Bd6 9. c5 Be7 10. d4 Ne4 11. Nbd2 Bf6 12. Nxe4 dxe4 13. Ne5 Nxd4 14. Nc4 axb3 15. O-O Nxe2+ 0-1


[Site "https://www.chess.com"]

[Event "Titled Tuesday Blitz November 15 Early 2022"]
[White "Orlov, Georgi"]
[Black "Tuleyeva-Aketayeva, Dana"]
[WhiteFideId "2011271"]
[BlackFideId "13701932"]
[WhiteElo "2527"]
[BlackElo "2030"]
[Result "1-0"]
[Round "09"]
[TimeControl "180+1"]
[Date "2022.11.16"]
[WhiteClock "0:00:18"]
[BlackClock "0:00:02"]

1. e4 c5 2. Nf3 Nc6 3. Bb5 g6 4. O-O Bg7 5. Bxc6 dxc6 6. h3 Nf6 7. d3 O-O 8. a4 Re8 9. Nc3 Nd7 10. a5 Nf8 11. e5 Be6 12. Re1 Bd5 13. Bd2 Qc7 14. Ne4 b6 15. c4 Bxe4 16. Rxe4 Red8 17. Qc2 Ne6 18. Bc3 b5 19. b3 b4 20. Bb2 Rd7 21. g3 Rad8 22. Ne1 Nd4 23. Bxd4 Rxd4 24. Rxd4 Rxd4 25. Nf3 Bxe5 26. Re1 Bf6 27. Nxd4 Bxd4 28. Kg2 e5 29. Qa2 Qe7 30. a6 Qf6 31. Qe2 Qd8 32. Qa2 Qf6 33. Re4 Qe6 34. Re2 Qf5 35. Re4 Qf6 36. f4 exf4 37. Rxf4 Qe6 38. Qc2 Qe3 39. Rf1 Kg7 40. Qd1 Bc3 41. Rf3 Qe5 42. Qf1 1-0


[Site "https://www.chess.com"]

[Event "Titled Tuesday Blitz November 15 Early 2022"]
[White "Osiecki, Stanislaw"]
[Black "Deev, Andrei"]
[WhiteFideId "1102990"]
[BlackFideId "4102690"]
[WhiteElo "2088"]
[BlackElo "2279"]
[Result "0-1"]
[Round "09"]
[TimeControl "180+1"]
[Date "2022.11.16"]
[WhiteClock "0:00:03"]
[BlackClock "0:00:05"]

1. e4 d5 2. e5 d4 3. Bc4 c5 4. Nf3 e6 5. a4 Nc6 6. O-O Nge7 7. d3 Ng6 8. Re1 Be7 9. Qe2 O-O 10. Qe4 Qc7 11. h4 h5 12. Bg5 Bxg5 13. hxg5 b6 14. c3 Bb7 15. Qe2 Rad8 16. g3 Na5 17. Nbd2 dxc3 18. bxc3 Nxc4 19. Nxc4 Qc6 20. Kg2 Rd7 21. Rad1 Rfd8 22. Nd6 Rxd6 23. exd6 Rxd6 24. Qe4 Qd7 25. Qe3 Qxa4 26. Kh2 Qc6 27. Kg2 Ne5 28. Qxe5 Qxf3+ 29. Kf1 Qg2+ 30. Ke2 Qf3+ 31. Kf1 Rxd3 32. Rxd3 Qxd3+ 33. Qe2 Qxc3 34. Qxh5 Qc4+ 35. Kg1 Qd5 36. f3 Qxf3 37. Qxf3 Bxf3 38. Ra1 Bd5 39. Rxa7 b5 40. Ra6 b4 41. Rb6 b3 42. Kf2 c4 43. Ke3 c3 44. Kd3 c2 45. Kd2 Kh7 46. Kc3 Kg6 0-1


[Site "https://www.chess.com"]

[Event "Titled Tuesday Blitz November 15 Early 2022"]
[White "Osinovsky, Stepan"]
[Black "Demchenko, Anton"]
[WhiteFideId "4157354"]
[BlackFideId "4160258"]
[WhiteElo "2222"]
[BlackElo "2545"]
[Result "0-1"]
[Round "09"]
[TimeControl "180+1"]
[Date "2022.11.16"]
[WhiteClock "0:00:04"]
[BlackClock "0:00:16"]

1. Nf3 Nf6 2. g3 b6 3. Bg2 Bb7 4. O-O g6 5. d3 Bg7 6. e4 O-O 7. e5 Ne8 8. Re1 c5 9. Nc3 Nc6 10. Bf4 Nc7 11. Qd2 Ne6 12. Bh6 d5 13. h4 Qd7 14. h5 Ned4 15. Bxg7 Kxg7 16. Ng5 e6 17. Qf4 Qe7 18. h6+ Kg8 19. Rac1 Rad8 20. a3 Bc8 21. Nd1 Nf5 22. c3 f6 23. exf6 Qxf6 24. Rc2 Nxh6 25. Qh4 Qg7 26. Nxe6 Bxe6 27. Rxe6 Nf5 0-1


[Site "https://www.chess.com"]

[Event "Titled Tuesday Blitz November 15 Early 2022"]
[White "Ovchinnikov, Vsevolod"]
[Black "Mejia, Cherry Ann"]
[WhiteFideId "24176842"]
[BlackFideId "5206880"]
[WhiteElo "2376"]
[BlackElo "2007"]
[Result "1-0"]
[Round "09"]
[TimeControl "180+1"]
[Date "2022.11.16"]
[WhiteClock "0:02:39"]
[BlackClock "0:02:02"]

1. d4 d5 2. c4 dxc4 3. Nf3 Nf6 4. e3 e6 5. Bxc4 a6 6. a4 c5 7. O-O Nc6 8. Qe2 cxd4 9. Rd1 Be7 10. exd4 O-O 11. Nc3 Nb4 12. Ne5 Nbd5 13. Qf3 Bd7 14. Bg5 h6 15. Bxf6 Nxf6 16. d5 exd5 17. Nxd5 Nxd5 18. Rxd5 1-0


[Site "https://www.chess.com"]

[Event "Titled Tuesday Blitz November 15 Early 2022"]
[White "Pajeken, Jakob Leon"]
[Black "Iturrizaga Bonelli, Eduardo"]
[WhiteFideId "12942839"]
[BlackFideId "3901211"]
[WhiteElo "2429"]
[BlackElo "2637"]
[Result "1-0"]
[Round "09"]
[TimeControl "180+1"]
[Date "2022.11.15"]
[WhiteClock "0:00:54"]
[BlackClock "0:00:44"]

1. d4 Nf6 2. Nf3 e6 3. g3 b5 4. Bg2 Bb7 5. Bg5 c5 6. a4 b4 7. dxc5 Bxc5 8. O-O O-O 9. Nbd2 h6 10. Nb3 Bxf2+ 11. Rxf2 hxg5 12. Nxg5 Bxg2 13. Rxg2 Nc6 14. Qd6 Ng4 15. Qf4 f5 16. h3 Nf6 17. Rd1 Qb6+ 18. Kh2 Ne7 19. a5 Qb5 20. Qd6 Ned5 21. Rd4 Rac8 22. Nxe6 dxe6 23. Qxe6+ Kh7 24. Qxf5+ g6 25. Rh4+ Kg7 26. Qg5 Rce8 27. Nd4 Qd7 28. Qh6+ Kg8 29. Qh8+ Kf7 30. Rh7+ 1-0


[Site "https://www.chess.com"]

[Event "Titled Tuesday Blitz November 15 Early 2022"]
[White "Palencia Morales, Wilson Guillermo"]
[Black "Tan, Jun Ying"]
[WhiteFideId "4401859"]
[BlackFideId "5710413"]
[WhiteElo "2160"]
[BlackElo "2089"]
[Result "1-0"]
[Round "09"]
[TimeControl "180+1"]
[Date "2022.11.16"]
[WhiteClock "0:00:17"]
[BlackClock "0:00:30"]

1. d4 Nf6 2. c4 e5 3. dxe5 Ng4 4. e4 Nxe5 5. f4 Nec6 6. Be3 Bb4+ 7. Nd2 d6 8. Nf3 Nd7 9. Qc2 a5 10. a3 Bc5 11. Bxc5 Nxc5 12. O-O-O O-O 13. h4 f5 14. e5 dxe5 15. Ne4 Qe7 16. Nxc5 Qxc5 17. fxe5 Nxe5 18. Be2 Qe3+ 19. Kb1 f4 20. Qd2 Bf5+ 21. Ka2 Nxf3 22. Bxf3 c6 23. Rhe1 Qxd2 24. Rxd2 Rad8 25. Rxd8 Rxd8 26. Kb3 Rd3+ 27. Ka4 Rd4 28. Kxa5 Kf7 29. Kb6 Rxc4 30. Kxb7 Rc2 31. Re2 Rc4 32. Bxc6 Rd4 33. a4 Bd3 34. Rf2 Ke7 35. Kb6 Rb4+ 36. Kc5 Rb3 37. Bd5 Rb8 38. b4 Rc8+ 39. Bc6 Be4 40. b5 Bxc6 41. bxc6 Rf8 42. Kb6 Kd8 43. Kb7 Rf7+ 44. Kb8 Rc7 45. Rd2+ Ke7 46. Kxc7 1-0


[Site "https://www.chess.com"]

[Event "Titled Tuesday Blitz November 15 Early 2022"]
[White "Papasimakopoulos, Alexandros"]
[Black "Ambartsumova, Karina"]
[WhiteFideId "4244125"]
[BlackFideId "4166299"]
[WhiteElo "2365"]
[BlackElo "2319"]
[Result "1-0"]
[Round "09"]
[TimeControl "180+1"]
[Date "2022.11.16"]
[WhiteClock "0:00:56"]
[BlackClock "0:00:11"]

1. d4 Nf6 2. c4 e6 3. Nc3 d5 4. cxd5 exd5 5. Bg5 c6 6. e3 Be7 7. Bd3 Nbd7 8. Qc2 h6 9. Bh4 Nh5 10. Bxe7 Qxe7 11. O-O-O Nb6 12. Nf3 Be6 13. Kb1 O-O-O 14. Rc1 Kb8 15. Na4 Nxa4 16. Qxa4 Qf6 17. Rc3 Bf5 18. Ne5 Bxd3+ 19. Nxd3 Qg6 20. g3 Nf6 21. Ka1 Ne4 22. Ra3 a6 23. Qb4 Qd6 24. Qb6 Qc7 25. Rxa6 Qxb6 26. Rxb6 Kc7 27. Rb3 Rhe8 28. Rc1 Re6 29. Nc5 Nxc5 30. Rxc5 Rf6 31. Rc2 h5 32. h4 Re8 33. Kb1 Re4 34. Rd3 Rg4 35. Rd1 Kd6 36. Kc1 Rf3 37. Rh1 Rg6 38. Re1 Rgf6 39. Ree2 R6f5 40. Kd1 f6 41. Ke1 g5 42. hxg5 fxg5 43. e4 dxe4 44. Rxe4 Kd5 45. Re7 h4 46. gxh4 gxh4 47. Rh7 h3 48. Rd2 b5 49. Rh6 Rg5 50. Ke2 1-0


[Site "https://www.chess.com"]

[Event "Titled Tuesday Blitz November 15 Early 2022"]
[White "Papayan, Oleg"]
[Black "Csonka, Balazs"]
[WhiteFideId "4193911"]
[BlackFideId "742910"]
[WhiteElo "2153"]
[BlackElo "2404"]
[Result "0-1"]
[Round "09"]
[TimeControl "180+1"]
[Date "2022.11.16"]
[WhiteClock "0:00:02"]
[BlackClock "0:00:22"]

1. e4 c5 2. Nf3 Nc6 3. d4 cxd4 4. Nxd4 Qb6 5. Nb3 Nf6 6. Bd3 e6 7. O-O a6 8. Be3 Qc7 9. f4 d6 10. Nc3 b5 11. a4 b4 12. Ne2 Be7 13. c3 O-O 14. Rc1 Qb7 15. Nbd4 Bd7 16. Ng3 Rfd8 17. e5 dxe5 18. Nxc6 Bxc6 19. fxe5 Ne4 20. Bd4 bxc3 21. bxc3 Bc5 22. Nxe4 Bxe4 23. Rf4 Bxd4+ 24. cxd4 Rxd4 25. Rxe4 Rxe4 26. Bxe4 Qxe4 27. Qd6 Qe3+ 0-1


[Site "https://www.chess.com"]

[Event "Titled Tuesday Blitz November 15 Early 2022"]
[White "Parligras, Mircea-Emilian"]
[Black "Janaszak, Dawid"]
[WhiteFideId "1204297"]
[BlackFideId "1119206"]
[WhiteElo "2507"]
[BlackElo "2226"]
[Result "1/2-1/2"]
[Round "09"]
[TimeControl "180+1"]
[Date "2022.11.16"]
[WhiteClock "0:00:35"]
[BlackClock "0:00:22"]

1. d4 Nf6 2. c4 g6 3. Nc3 Bg7 4. e4 d6 5. h3 O-O 6. Be3 Nbd7 7. Nf3 e5 8. d5 Nc5 9. Nd2 a5 10. g4 h5 11. Be2 Qe8 12. gxh5 Nxh5 13. Bxh5 gxh5 14. Rg1 Nd3+ 15. Kf1 Bxh3+ 16. Ke2 Nf4+ 17. Bxf4 exf4 18. Kd3 Bg4 19. f3 Bd7 20. Qe2 Qe5 21. Qh2 Kh7 22. Rh1 Rh8 23. Rag1 Kg8 24. Qh4 Kf8 25. Kc2 Bf6 26. Qh2 h4 27. c5 h3 28. Nc4 Qd4 29. Qxf4 Rh4 30. Qg3 Qxc4 31. Qg8+ Ke7 32. Qxa8 Bxc3 33. cxd6+ cxd6 34. bxc3 Qxa2+ 35. Kc1 Qa1+ 36. Kc2 Qa2+ 37. Kc1 Qa1+ 38. Kc2 Qa2+ 1/2-1/2


[Site "https://www.chess.com"]

[Event "Titled Tuesday Blitz November 15 Early 2022"]
[White "Petrova, Irina"]
[Black "Mouhamad, Joachim"]
[WhiteFideId "14124122"]
[BlackFideId "656410"]
[WhiteElo "2023"]
[BlackElo "2164"]
[Result "1-0"]
[Round "09"]
[TimeControl "180+1"]
[Date "2022.11.16"]
[WhiteClock "0:00:56"]
[BlackClock "0:00:12"]

1. e4 c6 2. d4 d5 3. Nc3 dxe4 4. Nxe4 Bf5 5. Ng3 Bg6 6. h4 h6 7. Nf3 Nd7 8. h5 Bh7 9. Bd3 Bxd3 10. Qxd3 e6 11. Bd2 Ngf6 12. O-O-O Be7 13. Kb1 O-O 14. Ne4 Nxe4 15. Qxe4 Nf6 16. Qe2 Qd5 17. c4 Qe4+ 18. Qxe4 Nxe4 19. Be3 f5 20. g3 Bf6 21. d5 e5 22. dxc6 bxc6 23. Rd7 Rf7 24. Rhd1 a5 25. Rxf7 Kxf7 26. Nd2 Rd8 27. Kc2 Nxd2 28. Rxd2 Rxd2+ 29. Bxd2 Bd8 30. b3 Bc7 31. Kd3 Kf6 32. c5 e4+ 33. Kc4 f4 34. Bxf4 Bxf4 35. gxf4 g6 36. hxg6 Kxg6 37. a4 h5 38. b4 h4 39. b5 h3 40. bxc6 h2 41. c7 h1=Q 42. c8=Q Qc1+ 43. Kd5 Qxf4 44. Qe6+ Kh7 45. Qxe4+ 1-0


[Site "https://www.chess.com"]

[Event "Titled Tuesday Blitz November 15 Early 2022"]
[White "Petrovic, Aleksa"]
[Black "Winterberg, Lukas"]
[WhiteFideId "967629"]
[BlackFideId "24622702"]
[WhiteElo "2224"]
[BlackElo "2349"]
[Result "1-0"]
[Round "09"]
[TimeControl "180+1"]
[Date "2022.11.16"]
[WhiteClock "0:00:19"]
[BlackClock "0:01:07"]

1. d4 Nf6 2. c4 e6 3. Nf3 d5 4. Nc3 c5 5. cxd5 exd5 6. Bg5 Be6 7. Bxf6 Qxf6 8. e4 dxe4 9. Bb5+ Nc6 10. Nxe4 Qf4 11. Qe2 O-O-O 12. Bxc6 bxc6 13. O-O cxd4 14. Qa6+ Kb8 15. Rfe1 Bd5 16. Nxd4 Bxe4 17. Rxe4 Qxe4 18. Nxc6+ Kc7 19. Nxd8 Kxd8 20. Rd1+ Kc7 21. Qxa7+ Kc8 22. Qd7+ Kb8 23. Qd8+ Ka7 24. Rd7+ Ka6 25. Qc8+ Kb6 26. Qb8+ Kc5 27. Rc7+ Kd5 28. Qb7+ Ke5 29. Qb5+ Ke6 30. Qe8+ Kf5 31. Rxf7+ Kg6 32. Re7+ Kf5 33. Rxe4 Bc5 1-0


[Site "https://www.chess.com"]

[Event "Titled Tuesday Blitz November 15 Early 2022"]
[White "Pg, Mohd Omar Ak Hira"]
[Black "Fathy, Elameir"]
[WhiteFideId "10500103"]
[BlackFideId "10600396"]
[WhiteElo "2184"]
[BlackElo "2311"]
[Result "0-1"]
[Round "09"]
[TimeControl "180+1"]
[Date "2022.11.16"]
[WhiteClock "0:00:52"]
[BlackClock "0:01:57"]

1. e4 c5 2. Nf3 d6 3. d4 cxd4 4. Nxd4 Nf6 5. Nc3 a6 6. Bc4 e6 7. Bb3 b5 8. O-O Be7 9. a3 Qb6 10. Be3 Qb7 11. Qf3 Nbd7 12. Qg3 O-O 13. Bh6 Ne8 14. Bxe6 fxe6 15. Nxe6 Rf7 16. Nd5 Ne5 17. a4 Bxe6 18. Nf4 Bd7 0-1


[Site "https://www.chess.com"]

[Event "Titled Tuesday Blitz November 15 Early 2022"]
[White "Piesik, Piotr"]
[Black "Hadzovic, Amir"]
[WhiteFideId "1136194"]
[BlackFideId "14402300"]
[WhiteElo "2316"]
[BlackElo "2262"]
[Result "0-1"]
[Round "09"]
[TimeControl "180+1"]
[Date "2022.11.16"]
[WhiteClock "0:00:13"]
[BlackClock "0:00:10"]

1. Nf3 d5 2. g3 c6 3. Bg2 Nf6 4. O-O e6 5. d3 Be7 6. Nbd2 O-O 7. e4 b6 8. Qe2 a5 9. e5 Ne8 10. Re1 f5 11. exf6 Bxf6 12. Ne5 c5 13. f4 Nd6 14. Ndf3 Nf5 15. c3 Ra7 16. a4 Re7 17. Ng4 Nc6 18. Nfe5 Bxe5 19. Nxe5 Nxe5 20. Qxe5 Qd6 21. Bd2 Qxe5 22. Rxe5 Bd7 23. g4 Nh4 24. Bh1 Ng6 25. Re2 Nxf4 26. Bxf4 Rxf4 27. h3 Ref7 28. b3 h5 29. gxh5 R7f5 30. Rd1 Rxh5 31. Kh2 d4 32. c4 e5 33. Bg2 Rfh4 34. Rde1 Bxh3 35. Rxe5 Bxg2+ 36. Kxg2 Rh2+ 37. Kg3 R5h3+ 38. Kg4 Rxd3 39. Re8+ Kh7 40. Rf8 Rxb3 41. Ree8 Rg2+ 42. Kh4 Rb1 43. Rh8+ Kg6 44. Kh3 Rg5 45. Kh2 Rb2+ 46. Kh3 Rb3+ 47. Kh2 d3 48. Re6+ Kf7 49. Rhe8 Rf5 50. R6e7+ Kg6 51. Rd7 Rf2+ 52. Kg3 Re2 53. Red8 Rd2 54. Rd6+ Kh7 55. Kg4 Rd1 56. Kh5 d2 57. R8d7 Rh1+ 58. Kg4 d1=Q+ 59. Rxd1 Rxd1 60. Rxd1 Rb4 61. Rc1 Rxa4 62. Kf5 Rb4 63. Ke5 Kg6 64. Kd5 Kf5 65. Rf1+ Kg5 66. Rg1+ Kf6 67. Rf1+ Ke7 68. Rg1 a4 69. Rxg7+ Kf6 70. Ra7 Kf5 71. Rf7+ Kg4 72. Rf8 a3 73. Ra8 Rb3 74. Rg8+ Kf3 75. Re8 a2 76. Ra8 Rb2 0-1


[Site "https://www.chess.com"]

[Event "Titled Tuesday Blitz November 15 Early 2022"]
[White "Pinheiro, Iung Alicio de O."]
[Black "Rangel, Daniel"]
[WhiteFideId "2104350"]
[BlackFideId "2124475"]
[WhiteElo "2283"]
[BlackElo "2225"]
[Result "1-0"]
[Round "09"]
[TimeControl "180+1"]
[Date "2022.11.16"]
[WhiteClock "0:00:05"]
[BlackClock "0:00:06"]

1. e4 c5 2. Nf3 g6 3. h4 Bg7 4. h5 Nc6 5. Bc4 e6 6. Qe2 Nge7 7. d3 d5 8. Bb3 dxe4 9. dxe4 Nd4 10. Nxd4 cxd4 11. Bg5 h6 12. Bxe7 Qxe7 13. hxg6 fxg6 14. e5 Bd7 15. Nd2 O-O-O 16. Nc4 Bc6 17. Nd6+ Kb8 18. O-O-O Rhf8 19. Rxd4 Qg5+ 20. f4 Rxf4 21. Rxf4 Qxf4+ 22. Kb1 Rf8 23. Nc4 Qf2 24. Qd3 Bxg2 25. Qd6+ Ka8 26. Rc1 Bd5 27. Na5 Qb6 28. Bxd5 exd5 29. Qxd5 Re8 30. Nc4 Qe6 31. Qe4 a6 32. Re1 g5 33. Nd6 Re7 34. a4 Qd7 35. Nc4 Qc7 36. a5 Qc5 37. e6 Ka7 38. Nb6 Rc7 39. e7 Qb5 40. Na4 Rc4 41. Qe3+ Bd4 42. Qxd4+ Rxd4 43. e8=Q Qxe8 44. Rxe8 Rxa4 45. Rh8 Rh4 46. c4 g4 47. c5 Rh1+ 48. Kc2 h5 49. Rg8 Rh2+ 50. Kc3 Rh3+ 51. Kc4 g3 52. Rg7 h4 53. c6 Kb8 54. Rxb7+ Kc8 55. Rg7 Rh2 56. b4 g2 57. Kc5 h3 58. Kb6 g1=Q+ 59. Rxg1 Rg2 60. Rf1 h2 61. Rf8# 1-0


[Site "https://www.chess.com"]

[Event "Titled Tuesday Blitz November 15 Early 2022"]
[White "Postnikov, Daniil"]
[Black "Pakleza, Zbigniew"]
[WhiteFideId "4166329"]
[BlackFideId "1119290"]
[WhiteElo "2261"]
[BlackElo "2411"]
[Result "0-1"]
[Round "09"]
[TimeControl "180+1"]
[Date "2022.11.16"]
[WhiteClock "0:00:02"]
[BlackClock "0:00:04"]

1. e4 d6 2. d4 Nf6 3. Nc3 c6 4. Nf3 Bg4 5. Be3 e6 6. h3 Bh5 7. Be2 Be7 8. Nd2 Bxe2 9. Qxe2 d5 10. e5 Nfd7 11. Qg4 g6 12. Ne2 c5 13. f4 Nc6 14. c3 Qb6 15. O-O O-O-O 16. Rfb1 Kb8 17. b4 cxb4 18. cxb4 Qb5 19. a4 Qd3 20. Rb3 Qf5 21. Qf3 Bxb4 22. g4 Qc2 23. Rc1 Qa2 24. Rxc6 Bxd2 25. Bf2 Nb6 26. Rc5 Qxa4 27. Rc2 Nc4 28. Kh2 Rc8 29. Qd3 Ba5 30. Nc1 h5 31. f5 hxg4 32. h4 gxf5 33. Bg3 Nb6 34. Rxc8+ Rxc8 35. Ne2 Qc4 36. Qe3 Bb4 37. h5 Bf8 38. Bf4 Qc6 39. h6 Nc4 40. Qd3 Bxh6 41. Rc3 Rh8 42. Bxh6 Rxh6+ 43. Kg2 Rh8 44. Nf4 Rc8 45. Rb3 b5 46. Nh5 a6 47. Nf6 Na5 48. Rb2 Qc3 49. Qe2 Ka7 50. Rd2 Nc4 51. Ra2 Kb6 52. Nd7+ Ka7 53. Nc5 a5 54. Rc2 Qxc2 55. Qxc2 Ne3+ 0-1


[Site "https://www.chess.com"]

[Event "Titled Tuesday Blitz November 15 Early 2022"]
[White "Raahul V S"]
[Black "Chernov, Mikhail"]
[WhiteFideId "25035525"]
[BlackFideId "24143170"]
[WhiteElo "2233"]
[BlackElo "2113"]
[Result "1-0"]
[Round "09"]
[TimeControl "180+1"]
[Date "2022.11.16"]
[WhiteClock "0:00:57"]
[BlackClock "0:00:50"]

1. b3 Nf6 2. Bb2 g6 3. g3 Bg7 4. Bg2 O-O 5. Nf3 d5 6. O-O c6 7. d3 Nbd7 8. Nbd2 Re8 9. e4 dxe4 10. dxe4 Nf8 11. e5 Nd5 12. Qe2 Bg4 13. h3 Bxf3 14. Nxf3 Qc7 15. c4 Nb6 16. Rfe1 Rad8 17. h4 Ne6 18. Bh3 c5 19. Bxe6 fxe6 20. Ng5 Qc6 21. Qg4 Rd2 22. Bc3 Rc2 23. Rec1 Rxc3 24. Rxc3 Bxe5 25. Re3 Bxa1 26. Rxe6 Qd7 27. Nxh7 Qxe6 28. Qxe6+ Kxh7 29. Qf7+ 1-0


[Site "https://www.chess.com"]

[Event "Titled Tuesday Blitz November 15 Early 2022"]
[White "Ravot, Sylvain"]
[Black "Flis, Pawel"]
[WhiteFideId "627763"]
[BlackFideId "1112864"]
[WhiteElo "2195"]
[BlackElo "1817"]
[Result "1-0"]
[Round "09"]
[TimeControl "180+1"]
[Date "2022.11.16"]
[WhiteClock "0:00:17"]
[BlackClock "0:00:07"]

1. e4 c5 2. Nf3 d6 3. g3 Nf6 4. Qe2 Nc6 5. Bg2 g6 6. c3 Bg7 7. O-O O-O 8. d4 cxd4 9. cxd4 Bg4 10. Qd3 Qb6 11. d5 Bxf3 12. Qxf3 Ne5 13. Qe2 Rac8 14. Nc3 Qb4 15. h3 Qc4 16. Qd1 Qd3 17. Re1 Nfd7 18. Re3 Qxd1+ 19. Nxd1 Rc2 20. Nc3 Rc8 21. Bf1 Nc4 22. Re2 Rxe2 23. Bxe2 Nxb2 24. Bxb2 Bxc3 25. Rc1 Bxb2 26. Rxc8+ Kg7 27. Rc7 Nc5 28. Rxe7 Kf6 29. Rc7 a5 30. f3 a4 31. Kg2 a3 32. Bc4 Ke5 33. Rxf7 Kd4 34. Bb5 Ke3 35. Rxh7 Nd3 36. Bxd3 Kxd3 37. Rxb7 Kc2 38. f4 Kb1 39. Kf3 Kxa2 40. e5 Kb1 41. exd6 a2 42. Ra7 a1=Q 43. Rxa1+ Bxa1 44. d7 Bf6 45. g4 Kc2 46. Ke4 Kc3 47. g5 Be7 48. h4 Kc4 49. d6 Bd8 50. Ke5 Kc5 51. Ke6 Kc6 52. f5 gxf5 53. Kxf5 Kxd6 54. h5 Kxd7 55. Kg6 Ke7 56. Kg7 Bc7 57. g6 Be5+ 58. Kg8 Ke8 59. h6 Ke7 60. g7 Ke6 61. h7 Bxg7 62. Kxg7 Ke5 63. h8=Q Kd4 64. Qg8 Kc3 65. Qf7 Kd4 66. Qg6 Ke5 67. Qh7 Kd4 68. Qg8 Ke5 69. Qf8 Kd4 70. Qf7 Ke5 71. Qf6+ Kd5 72. Kg6 Ke4 73. Kg5 Kd5 74. Kg4 Ke4 75. Kg3 Kd5 76. Kg2 Ke4 77. Kg1 Kd5 78. Qf4 Ke6 79. Qg5 Kd6 80. Qf5 Kc6 81. Qe5 Kd7 82. Qf6 1-0


[Site "https://www.chess.com"]

[Event "Titled Tuesday Blitz November 15 Early 2022"]
[White "Ristic, Nebojsa B"]
[Black "Valle Maytin, Luis Enrique"]
[WhiteFideId "935468"]
[BlackFideId "3503666"]
[WhiteElo "2320"]
[BlackElo "2225"]
[Result "1-0"]
[Round "09"]
[TimeControl "180+1"]
[Date "2022.11.16"]
[WhiteClock "0:01:06"]
[BlackClock "0:00:01"]

1. d4 Nf6 2. Bf4 e6 3. e3 d5 4. Nf3 Bd6 5. Bg3 c5 6. c3 Nc6 7. Nbd2 b6 8. Bd3 Bb7 9. Qe2 Qc7 10. dxc5 bxc5 11. e4 dxe4 12. Nxe4 Nxe4 13. Bxe4 Bxg3 14. hxg3 h6 15. g4 Rd8 16. g5 Qf4 17. g6 O-O 18. Rh4 Qc7 19. gxf7+ Rxf7 20. Kf1 Rdf8 21. Kg1 Rf6 22. Re1 Ne7 23. Bxb7 Qxb7 24. Re4 Nd5 25. Qc4 Qf7 26. Ne5 Qh5 27. Nd7 Rxf2 28. Nxf8 Rxf8 29. Rxe6 1-0


[Site "https://www.chess.com"]

[Event "Titled Tuesday Blitz November 15 Early 2022"]
[White "Rodriguez Santiago, Jaime"]
[Black "Cramling Bellon, Anna"]
[WhiteFideId "3100898"]
[BlackFideId "32009232"]
[WhiteElo "2025"]
[BlackElo "1972"]
[Result "1-0"]
[Round "09"]
[TimeControl "180+1"]
[Date "2022.11.16"]
[WhiteClock "0:00:05"]
[BlackClock "0:00:01"]

1. c4 c5 2. Nc3 Nc6 3. g3 g6 4. Bg2 Bg7 5. e4 d6 6. Nge2 e5 7. d3 Nge7 8. a3 a5 9. O-O O-O 10. Rb1 Be6 11. Nd5 Nd4 12. Nxd4 cxd4 13. Bg5 f6 14. Bd2 Bxd5 15. exd5 Qd7 16. f4 b5 17. b4 axb4 18. axb4 bxc4 19. dxc4 f5 20. fxe5 dxe5 21. Bg5 e4 22. Bxe7 Qxe7 23. c5 d3 24. Re1 Qd7 25. Qb3 Rfd8 26. d6+ Kf8 27. Qd5 Qf7 28. Qxf7+ Kxf7 29. Bf1 Bd4+ 30. Kg2 Ra2+ 31. Kh1 Kf6 32. Bg2 e3 33. b5 d2 34. Red1 e2 35. Rxd2 Rxd2 36. Bf3 Rc2 37. Bxe2 Rxe2 38. c6 1-0


[Site "https://www.chess.com"]